AoeStats
← Springles

Arabia

509227771Analyzed
1v1 RM · 6d ago on Sep 26, 2026· 34m 17s· 2 players
Game mode
Random Map
Map size
Tiny (2 player)
Population
200
Speed
Normal
Resources
Standard
Victory
Conquest
Starting age
Dark Age
Ending age
Imperial Age
RankedLock teamsTeams togetherTeam positionsShared explorationLock speedFull tech treeHidden civsTurbo modeCheats
Victory
Defeat
🇦🇷 Franks · Argentina
1583
+18
🇭🇰 Saxons · Hong Kong SAR China
1630
-18
Springles
5:46 Loom
8:29 Feudal Age
20:03 Castle Age
18:06 Fletching
19:13 Padded Archer Armor
19:40 Double-Bit Axe
20:28 Gold Mining
20:44 Bodkin Arrow
21:27 Husbandry
22:38 Ballistics
23:38 Leather Archer Armor
27:07 Scale Barding Armor
27:12 Forging
29:07 Town Watch
34:09 Imperial Age
33:07 Chain Barding Armor
Wolves
7:43 Loom
10:59 Feudal Age
11:30 Double-Bit Axe
11:39 Horse Collar
19:28 Castle Age
17:28 Gold Mining
18:30 Scale Mail Armor
19:51 Forging
20:25 Bow Saw
20:17 Heavy Plow
22:45 Stone Mining
29:01 Chain Mail Armor
28:34 Town Watch
30:57 Squires
Connection lost

Rejoining the realm…

Still unreachable

The connection could not be restored.

Session expired

The server has moved on; the page needs a fresh start.